AoeStats
← Samouele

Nomad

510246022Analyzed
2v2 RM · 2d ago on Sep 30, 2026· 29m 44s· 4 players
Game mode
Random Map
Map size
176×176
Population
200
Speed
Normal
Resources
Standard
Victory
Conquest
Starting age
Dark Age
Ending age
Imperial Age
RankedLock teamsTeams togetherTeam positionsShared explorationLock speedFull tech treeHidden civsTurbo modeCheats
Victory
Defeat
🇺🇸 Spanish · United States
1256
+16
🇧🇴 Lithuanians · Bolivia
1208
+18
🇨🇦 Vikings · Canada
1329
-19
🇨🇦 Dravidians · Canada
1194
-15
Returned_Legend
3:01 Loom
13:12 Feudal Age
18:33 Castle Age
16:44 Gold Mining
17:09 Double-Bit Axe
18:09 Town Watch
18:33 Stone Mining
22:46 Wheelbarrow
23:43 Bow Saw
LRN1_HunterAllen
12:02 Loom
14:45 Feudal Age
18:58 Castle Age
17:09 Scale Barding Armor
17:30 Double-Bit Axe
18:01 Gold Mining
19:18 Forging
19:25 Stone Mining
20:09 Bloodlines
22:53 Medium Warships
27:27 Wheelbarrow
27:16 Fletching
27:27 Padded Archer Armor
28:11 Elite Skirmisher
Samouele
12:49 Feudal Age
14:10 Double-Bit Axe
14:47 Loom
16:44 Fishing Lines
17:50 Town Watch
19:06 Gold Mining
21:56 Castle Age
21:13 Fletching
21:23 Padded Archer Armor
21:56 Crossbowman
22:34 Bodkin Arrow
25:15 Bow Saw
28:19 Leather Archer Armor
The Wizard
5:07 Loom
12:34 Feudal Age
13:36 Double-Bit Axe
18:09 Castle Age
19:47 Man-at-Arms
27:10 Arson
Connection lost

Rejoining the realm…

Still unreachable

The connection could not be restored.

Session expired

The server has moved on; the page needs a fresh start.